 Dungeon Crawl Stone Soup version 0.30-a0-800-g7c544603b3 (webtiles) character file.

Game seed: 7531912970171635181

26 Newt the Trooper (level 2, -2/23 HPs)
             Began as a Demonspawn Gladiator on Feb 21, 2023.
             Killed from afar by Sigmund (13 damage)
             ... with a puff of flame
             ... on level 2 of the Dungeon.
             The game lasted 00:00:52 (838 turns).

Newt the Trooper (Demonspawn Gladiator)              Turns: 838, Time: 00:00:52

Health: -2/23      AC:  4    Str: 14    XL:     2   Next: 89%
Magic:  2/2        EV: 12    Int: 15    God:
Gold:   58         SH:  0    Dex: 14    Spells: 1/1 levels left

rFire   x . .      SeeInvis .    a - +0 rapier
rCold   + . .      Faith    .    (no shield)
rNeg    . . .      Spirit   .    b - +0 leather armour
rPois   .          Reflect  .    c - +0 helmet
rElec   .          Harm     .    (no cloak)
rCorr   .          Rampage  .    (no gloves)
Will    .....                    (no boots)
Stlth   ++                       (no amulet)
HPRegen 0.23/turn                e - ring of ice
MPRegen 0.16/turn                m - +6 ring of intelligence

@: no status effects
A: magic regeneration
a: no special abilities


You were on level 2 of the Dungeon.
You visited 1 branch of the dungeon, and saw 2 of its levels.

You collected 58 gold pieces.

Inventory:

Hand Weapons
 a - a +0 rapier (weapon)
Missiles
 d - 3 throwing nets (quivered)
 j - a javelin
 k - 4 datura-tipped darts
 o - 3 poisoned darts
Armour
 b - a +0 leather armour (worn)
 c - a +0 helmet (worn)
Jewellery
 e - a ring of ice (left hand)
 m - a +6 ring of intelligence (right hand)
Scrolls
 f - a scroll of blinking {unknown}
 g - a scroll of fog {unknown}
 h - a scroll of noise {unknown}
 i - a scroll of poison {unknown}
 l - 3 scrolls of teleportation {unknown}
 q - a scroll of identify {unknown}
Potions
 n - 2 potions of mutation {unknown}
 p - a potion of flight {unknown}
 r - a potion of curing {unknown}


   Skills:
 + Level 2.9 Fighting
 - Level 2.6 Short Blades
 - Level 1.7 Throwing
 - Level 2.6 Dodging
 - Level 1.5 Stealth


You had one spell level left.
You didn't know any spells.
Your spell library contained the following spells:

 Spells                   Type           Power      Damage    Failure   Level
 Kiss of Death            Conj/Necr      0%         2d5       34%         1
 Confusing Touch          Hex            0%         N/A       71%         3
 Dispel Undead            Necr           0%         3d6       98%         4


Dungeon Overview and Level Annotations

Branches:
Dungeon (2/15)

Altars:

Annotations:
D:2 Sigmund


Innate Abilities, Weirdness & Mutations

You regenerate magic rapidly.


Message History

You kill the hobgoblin!
No target in view!
No target in view!
No target in view!
No target in view!
No target in view!
No target in view!
No target in view!
Found pearl dragon scales and 8 stones.
Found a stone staircase leading down.
You now have 54 gold pieces (gained 4).
You now have 58 gold pieces (gained 4).
Found a stone staircase leading up.
No target in view!
No target in view!
No target in view!
No target in view!
No target in view!
No target in view!
Sigmund and a rat come into view.
Sigmund shouts!
Sigmund casts a spell at you. The puff of flame hits you!
The fire burns you terribly!
Ouch! That really hurt!
There are monsters nearby!
There are monsters nearby!
You are too injured to fight recklessly!
You are too injured to fight recklessly!
You are too injured to fight recklessly!
You are too injured to fight recklessly!
You are too injured to fight recklessly!
You are too injured to fight recklessly!
You are too injured to fight recklessly!
You are too injured to fight recklessly!
You are too injured to fight recklessly!
You are too injured to fight recklessly!
Unknown command.
Sigmund casts a spell at you. The puff of flame hits you!
The fire burns you terribly!
Ouch! That really hurt!
You die...

#.###.......# ##.###
#.##....>...# ##..##
#.##........# #....#
#.##..####### ##.##.## #.##..#
##..##.<# #.....# ###..####..
######..#.#############...######.
.................................
#####...#.######@##############..
#[###.# ##.# #.. #.# #.# ##..#
#.. (.# #.# #..## #.. #### #.#
#@## #.. ..##.....@r... ...
.<....######.. ... ....### ...


You could see Sigmund.

Vanquished Creatures
  A dart slug (D:1)
  5 endoplasms
  4 goblins
  2 hobgoblins (D:2)
  A quokka (D:1)
  A ball python (D:1)
  4 bats (D:1)
  2 kobolds (D:1)
  A rat (D:1)
21 creatures vanquished.

Notes
Turn   | Place    | Note
-------+----------+-------------------------------------------
     0 | D:1      | Newt the Demonspawn Gladiator began the quest for the Orb.
     0 | D:1      | Reached XP level 1. HP: 16/16 MP: 1/1
   103 | D:1      | Reached skill level 1 in Stealth
   290 | D:1      | Gained mutation: You regenerate magic rapidly. [demonic
                  | ancestry]
   290 | D:1      | Reached XP level 2. HP: 22/22 MP: 2/2
   834 | D:2      | Noticed Sigmund
   838 | D:2      | Killed from afar by Sigmund

Illustrated notes

Levels and vault maps discovered:
D:1:      tarquinn_simple_flora_water_e, layout_basic
D:2:      layout_rooms, uniq_sigmund

Skill      XL: |  1 |
---------------+----+-----
Stealth        | 1 |  1.5
Fighting       | |  2.9
Short Blades   | |  2.6
Throwing       | |  1.7
Dodging        | |  2.6

Action                     || total
---------------------------++-------
  Melee: Rapier            ||    64
  Throw: Javelin           ||     1
   Stab: Sleeping          ||     2
 Armour: Leather armour    ||    21
  Dodge: Dodged            ||    42

Table legend: (Time is in decaauts)
 A = Elapsed time spent in this place.
 B = Non-inter-level travel time spent in this place.
 C = Inter-level travel time spent in this place.
 D = Time resting spent in this place.
 E = Time spent auto-exploring this place.
 F = Levels seen in this place.
 G = Mean time per level.
                   A        B        C        D        E       F      G
               +--------+--------+--------+--------+--------+-----+--------+
         Total |    841 |    797 |     44 |      0 |    634 |   2 |  420.5 |
       Dungeon |    841 |    797 |     44 |      0 |    634 |   2 |  420.5 |
               +--------+--------+--------+--------+--------+-----+--------+

Top non-repeatable levels by time:
     D:1: 682 daAuts
     D:2: 158 daAuts
